 Dungeon Crawl Stone Soup version 0.25-a0-781-gc44aebf (webtiles) character file.

Game seed: 10812623163147646743, levelgen mode: deterministic

1556 MrTaco21 the Basher (level 8, -10/46 HPs)
             Began as a Gargoyle Fighter on Apr 15, 2020.
             Was an Initiate of Qazlal.
             Mangled by an ogre
             ... wielding a +0 giant spiked club
              (23 damage)
             ... on level 6 of the Dungeon.
             The game lasted 00:08:18 (4979 turns).

MrTaco21 the Basher (Gargoyle Fighter)              Turns: 4979, Time: 00:08:19

Health: -10/46     AC: 13    Str: 21    XL:     8   Next: 88%
Magic:  8/8        EV:  9    Int: 10    God:    Qazlal [......]
Gold:   253        SH:  0    Dex: 11    Spells: 7/7 levels left

rFire    . . .     SeeInvis .   u - +1 dire flail (holy)
rCold    . . .     Gourm    .   (shield currently unavailable)
rNeg     + . .     Faith    .   b - +0 scale mail
rPois    ∞         Spirit   .   (no helmet)
rElec    +         Reflect  .   (no cloak)
rCorr    .         Harm     .   h - +0 pair of gloves
MR       .....                  (no boots)
Stlth    ..........             (no amulet)
HPRegen  0.15/turn              p - ring of attention (curse)
MPRegen  0.11/turn              q - +2 ring of dexterity

@: no status effects
A: negative energy resistance 1, electricity resistance, unbreathing,
petrification resistance, rot immunity, AC +5
a: Renounce Religion


You were on level 6 of the Dungeon.
You worshipped Qazlal.
Qazlal was noncommittal.
You were not hungry.

You visited 1 branch of the dungeon, and saw 6 of its levels.

You collected 253 gold pieces.

Inventory:

Hand Weapons
 a - a +0 flail
 u - a +1 dire flail of holy wrath (weapon)
   (You took it off Edmund on level 4 of the Dungeon)
 z - a +0 morningstar
   (You took it off an orc on level 4 of the Dungeon)
Missiles
 r - 11 poisoned darts (quivered)
Armour
 b - a +0 scale mail (worn)
 c - a +0 kite shield
 g - a +0 plate armour
   (You found it on level 3 of the Dungeon)
 h - a +0 pair of gloves (worn)
   (You found it on level 1 of the Dungeon)
Jewellery
 p - a cursed ring of attention (left hand)
   (You found it on level 1 of the Dungeon)
 q - a +2 ring of dexterity (right hand)
   (You found it on level 2 of the Dungeon)
Wands
 t - a wand of polymorph (6)
   (You took it off Edmund on level 4 of the Dungeon)
 v - a wand of enslavement (12)
   (You found it on level 4 of the Dungeon)
Scrolls
 f - 5 scrolls of enchant weapon {unknown}
 l - 3 scrolls of fog {unknown}
 m - 3 scrolls of remove curse {unknown}
 n - 5 scrolls of identify {unknown}
 s - a scroll of blinking {unknown}
 w - a scroll of magic mapping {unknown}
 y - a scroll of enchant armour {unknown}
 A - a scroll of teleportation {unknown}
 B - a scroll of immolation {unknown}
Potions
 d - 2 potions of might
 i - a potion of stabbing {unknown}
 j - 3 potions of curing {unknown}
 k - 2 potions of berserk rage {unknown}
 o - a potion of lignification {unknown}
Comestibles
 e - 11 rations {!d}


   Skills:
 - Level 3.2 Fighting
 + Level 10.9 Maces & Flails
 - Level 3.2 Armour
 - Level 3.2 Shields


You had 7 spell levels left.
You didn't know any spells.
Your spell library was empty.

Dungeon Overview and Level Annotations

Branches:
Dungeon (6/15)
 Temple: D:4-7

Altars:
Elyvilon
Gozag
Makhleb
Okawaru
Qazlal
Ru
Sif Muna
Trog
Xom
The Shining One


Innate Abilities, Weirdness & Mutations

You are resistant to torment.
Your stone body is resilient. (AC +5)
You are immune to poison.
You resist negative energy. (rN+)
You are resistant to electric shocks. (rElec)
You can survive without breathing.
You are immune to petrification.
You are immune to rotting.


Message History

* * * LOW HITPOINT WARNING * * *
You closely miss Eustachio.
The worker ant bites you but does no damage.
The rat bites you but does no damage.
The iron imp hits you but does no damage.
Eustachio hits you with a +0 rapier.
* * * LOW HITPOINT WARNING * * *
The shadow imp spits at you.
Unknown command.
You barely miss Eustachio. The worker ant bites you.
* * * LOW HITPOINT WARNING * * *
The white imp hits you but does no damage.
The rat misses you.
You hit Eustachio.
You kill Eustachio!
Qazlal accepts your kill.
The white imp disappears in a puff of smoke!
The shadow imp disappears in a puff of smoke!
The iron imp disappears in a puff of smoke!
The rat disappears in a puff of smoke!
The river rat disappears in a puff of smoke!
The rat disappears in a puff of smoke!
The worker ant bites you but does no damage.
Unknown command.
The worker ant bites you but does no damage.
Things that are here:
a +0 rapier; a +3 leather armour of cold resistance the human corpse of Eustachio You closely miss the worker ant.
You closely miss the worker ant.
The worker ant bites you but does no damage.
You barely miss the worker ant. The worker ant barely misses you.
You barely miss the worker ant.
The worker ant bites you but does no damage.
You closely miss the worker ant. The worker ant closely misses you.
You closely miss the worker ant. The worker ant bites you.
* * * LOW HITPOINT WARNING * * *
You thump the worker ant!
The worker ant bites you but does no damage.
Unknown command.
You puncture the worker ant!
You kill the worker ant!
Qazlal accepts your kill.
Unknown command.
You start resting.
An ogre comes into view. It is wielding a +0 giant spiked club.
The ogre shouts!
The ogre hits you with a +0 giant spiked club!!
Ouch! That really hurt!
You die...

..##........###...# ##.c.....##
.........(.## #...###.........#
....#....%..###...##....O......
#....O)....# #...........
.......#####O# #....÷......
.....## #.# ##...<.....# ....
#.## ##...#...## #.# #..##
###.##### . ###.@###### #.#
..#..O......##....
........<...........
....................
....................
.................
.................
.................
................


You could see an ogre.

Vanquished Creatures
  Eustachio (D:6)
  A hungry ghost (D:5)
  Menkaure (D:4)
  Edmund (D:4)
  A sky beast (D:5)
  A centaur (D:2)
  An ogre (D:5)
  A wyvern skeleton (D:4)
  2 scorpions (D:5)
  A crimson imp (D:5)
  A hound (D:2)
  A jelly (D:6)
  4 orc wizards
  Jessica (D:2)
  Natasha (twice) (D:2)
  Terence (D:2)
  3 iguanas
  2 worker ants
  A hound zombie (D:5)
  A hound skeleton (D:4)
  3 gnolls (D:2)
  7 adders
  A shadow imp (D:6)
  An ooze (D:2)
  A worm (D:2)
  2 dart slugs
  5 leopard geckos
  9 orcs
  A ball python (D:3)
  4 bats
  5 giant cockroaches
  6 goblins (D:2)
  12 hobgoblins
  8 jackals
  2 kobolds
  2 quokkas (D:3)
  3 frilled lizards
  8 rats
108 creatures vanquished.

Notes
Turn   | Place    | Note
-------+----------+-------------------------------------------
     0 | D:1      | MrTaco21 the Gargoyle Fighter began the quest for the Orb.
     0 | D:1      | Reached XP level 1. HP: 14/14 MP: 1/1
    59 | D:1      | Reached XP level 2. HP: 19/19 MP: 2/2
   200 | D:1      | Reached skill level 3 in Maces & Flails
   525 | D:2      | Noticed Jessica
   539 | D:2      | Killed Jessica
   539 | D:2      | Reached XP level 3. HP: 15/23 MP: 3/3
   584 | D:2      | Reached skill level 4 in Maces & Flails
   586 | D:2      | Reached XP level 4. HP: 22/28 MP: 4/4
   620 | D:2      | Noticed Terence
   626 | D:2      | Killed Terence
   673 | D:2      | Noticed a centaur
   683 | D:2      | Killed a centaur
   683 | D:2      | Reached skill level 5 in Maces & Flails
   683 | D:2      | Reached XP level 5. HP: 30/32 MP: 5/5
   693 | D:2      | Noticed Natasha
   703 | D:2      | Killed Natasha
   735 | D:2      | Reached skill level 6 in Maces & Flails
   735 | D:2      | Reached XP level 6. HP: 37/37 MP: 6/6
  1071 | D:2      | Noticed Natasha
  1079 | D:2      | Killed Natasha
  1100 | D:2      | Found a faded altar of an unknown god.
  1538 | D:3      | Reached skill level 7 in Maces & Flails
  1545 | D:3      | Found a shimmering blue altar of Sif Muna.
  1719 | D:3      | Found a sacrificial altar of Ru.
  2175 | D:4      | Noticed Edmund
  2197 | D:4      | Killed Edmund
  2197 | D:4      | Reached XP level 7. HP: 20/41 MP: 7/7
  2416 | D:4      | Reached skill level 8 in Maces & Flails
  2875 | D:4      | Noticed Menkaure
  3059 | D:4      | Killed Menkaure
  3176 | D:4      | Found a stormy altar of Qazlal.
  3255 | D:4      | Became a worshipper of Qazlal Stormbringer
  3291 | D:4      | Reached skill level 9 in Maces & Flails
  3410 | D:4      | Found an iron altar of Okawaru.
  3415 | D:4      | Found a glowing golden altar of the Shining One.
  3523 | D:5      | Entered Level 5 of the Dungeon
  3543 | D:5      | Reached XP level 8. HP: 39/46 MP: 8/8
  3948 | D:5      | Reached skill level 10 in Maces & Flails
  4185 | D:5      | Found an opulent altar of Gozag.
  4185 | D:5      | Found a white marble altar of Elyvilon.
  4311 | D:5      | Found a bloodstained altar of Trog.
  4313 | D:5      | Found a shimmering altar of Xom.
  4314 | D:5      | Found a burning altar of Makhleb.
  4591 | D:6      | Found an iron altar of Okawaru.
  4909 | D:6      | Noticed Eustachio
  4929 | D:6      | Killed Eustachio
  4979 | D:6      | Mangled by an ogre

Levels and vault maps discovered:
D:1:      dpeg_arrival_fog, layout_rooms
D:2:      layout_basic, chequers_ecumenical_altar_simple_redux, uniq_jessica,
          uniq_natasha, uniq_terence
D:3:      layout_loops_ring, tgw_sif, nicolae_ru_the_path_less_chosen
D:4:      layout_gridville, amethyst_overflow_temple_binary,
          nicolae_qazlal_eye_of_the_storm, uniq_edmund, uniq_menkaure
D:5:      layout_loops_ring, chequers_temple_overflow_minitemple, first_ration,
          dk_vineyard_1
D:6:      layout_rooms, serial_curves, eino_curves_02, eino_curves_04,
          serial_shops, kennysheep_mini_moat, st_stairs_5,
          okawaru_ov_weapons_minmay, uniq_maggie, uniq_eustachio

Skill      XL: |  1  2  3  4  5  6  7  8 |
---------------+-------------------------+-----
Maces & Flails | 3 4 5 6 7 9 10 | 10.9
Fighting       | |  3.2
Armour         | |  3.2
Shields        | |  3.2

Action                   |  1- 3 |  4- 6 |  7- 9 || total
-------------------------+-------+-------+-------++-------
Melee: Flail             |    54 |   218 |       ||   272
       Unarmed           |       |    11 |       ||    11
       Dire flail        |       |       |   186 ||   186
Throw: Dart              |       |    12 |     6 ||    18
  Eat: Chunk             |       |     5 |     7 ||    12
       Ration            |       |       |     1 ||     1
Armor: Scale mail        |    21 |   141 |    92 ||   254
Dodge: Dodged            |    24 |   122 |    58 ||   204
Block: Kite shield       |    24 |   160 |       ||   184

Table legend:
 A = Non-vault XP
 B = Vault XP
 C = Vault XP percentage of total XP
 D = Non-vault monster count
 E = Vault monster count
 F = Vault count percentage of total count
                 A         B        C        D         E       F
            +---------+---------+-------+---------+---------+-------
      Total |    1550 |     674 |  30.3 |     101 |       7 |   6.5
            +---------+---------+-------+---------+---------+-------
        D:1 |      22 |       0 |   0.0 |      11 |       0 |   0.0
        D:2 |     365 |     109 |  23.0 |      34 |       3 |   8.1
        D:3 |      61 |      33 |  35.1 |      21 |       1 |   4.5
        D:4 |     269 |     336 |  55.5 |      19 |       2 |   9.5
        D:5 |     707 |       0 |   0.0 |      11 |       0 |   0.0
        D:6 |     126 |     196 |  60.9 |       5 |       1 |  16.7
            +---------+---------+-------+---------+---------+-------
